[Event "42nd Olympiad Baku 2016 Open"]
[Site "Baku"]
[Date "2016.09.06"]
[Round "5.31"]
[White "Delgadillo, Adonay"]
[Black "Salem, Mahjob"]
[Result "1-0"]
[ECO "C10"]
[WhiteElo "2232"]
[BlackElo "2092"]
[Annotator ""]
[PlyCount "99"]
[EventDate "2016.??.??"]
[EventType "team-tourn"]
[EventCountry "AZE"]
[SourceTitle "playchess.com"]
[Source "ChessBase"]
[WhiteTeam "Bolivia"]
[BlackTeam "Libya"]
[WhiteTeamCountry "BOL"]
[BlackTeamCountry "LBY"]
[TimeControl "40/5400+30:1800+30"]

1. e4 {(00:00)} e6 {(00:00)} 2. d4 {(00:00)} d5 {(
00:00)} 3. Nc3 {(00:00)} dxe4 {(00:00)} 4. Nxe4 {(00:00)}
Nd7 {(00:00)} 5. Bd3 {(15:37)} Ngf6 {(00:23)} 6. Ne2 {
(05:59)} Nxe4 {(04:05)} 7. Bxe4 {(00:06)} Nf6 {(00:
08)} 8. Bf3 {(00:13)} c5 {(04:14)} 9. O-O {(00:32)} Qb6 {
(07:12)} 10. a4 {(20:09)} a6 {(12:07)} 11. a5 {(00:
49)} Qc7 {(01:12)} 12. Nc3 {(25:13)} Bd6 {(07:51)} 13. h3
{(00:30)} cxd4 {(03:00)} 14. Qxd4 {(00:14)} Bd7 {(
09:16)} 15. Be3 {(03:56)} Bc6 {(03:53)} 16. Bxc6+ {(00:25]
} Qxc6 {(02:08)} 17. Ra4 {(00:43)} Rc8 {(02:41)} 18. Rd1 {
(18:17)} Bc5 {(10:41)} 19. Qxc5 {(00:50)} Qxc5 {(
01:23)} 20. Bxc5 {(00:02)} Rxc5 {(00:02)} 21. Rd6 {(00:04]
} Ke7 {(02:05)} 22. Rb6 {(00:16)} Rb8 {(05:27)} 23. Kf1 {
(00:27)} Nd5 {(02:09)} 24. Nxd5+ {(00:19)} Rxd5 {(
00:47)} 25. Rab4 {(04:24)} Rxa5 {(01:25)} 26. Rxb7+ {(00:
01)} Rxb7 {(00:01)} 27. Rxb7+ {(00:02)} Ke8 {(02:30)} 28.
Ke2 {(00:23)} Rb5 {(04:00)} 29. Rxb5 {(00:06)} axb5 {
(00:01)} 30. Kd3 {(00:21)} Kd7 {(00:01)} 31. Kd4 {(
00:01)} Kd6 {(01:17)} 32. f4 {(00:32)} f6 {(00:58)} 33. c3
{(00:26)} h5 {(02:55)} 34. h4 {(01:01)} g6 {(01:36]
} 35. g3 {(00:10)} Kc6 {(01:59)} 36. b3 {(03:07)} Kd6 {
(01:54)} 37. c4 {(01:20)} bxc4 {(00:30)} 38. Kxc4 {
(00:12)} e5 {(03:53)} 39. fxe5+ {(00:33)} Kxe5 {(
00:01)} 40. b4 {(00:00)} g5 {(00:00)} 41. b5 {(01:04)}
gxh4 {(00:36)} 42. gxh4 {(00:03)} f5 {(00:21)} 43. b6 {
(01:15)} Kd6 {(00:36)} 44. Kd4 {(00:09)} f4 {(07:
07)} 45. Ke4 {(00:03)} f3 {(01:13)} 46. Kxf3 {(00:10)} Kc6
{(00:09)} 47. Kf4 {(00:05)} Kxb6 {(08:57)} 48. Kg5 {
(00:06)} Kc7 {(01:08)} 49. Kxh5 {(00:16)} Kd7 {(01:
34)} 50. Kg6 {(00:09)} 1-0

[Event "42nd Olympiad Baku 2016 Open"]
[Site "Baku"]
[Date "2016.09.06"]
[Round "5.9"]
[White "Delgado Ramirez, Neuris"]
[Black "Vachier-Lagrave, Maxime"]
[Result "0-1"]
[ECO "B51"]
[WhiteElo "2618"]
[BlackElo "2813"]
[Annotator ""]
[PlyCount "146"]
[EventDate "2016.??.??"]
[EventType "team-tourn"]
[EventCountry "AZE"]
[SourceTitle "playchess.com"]
[Source "ChessBase"]
[WhiteTeam "Paraguay"]
[BlackTeam "France"]
[WhiteTeamCountry "PAR"]
[BlackTeamCountry "FRA"]
[TimeControl "40/5400+30:1800+30"]

1. e4 {(00:00)} c5 {(00:00)} 2. Nf3 {(00:04)} d6 {(
00:00)} 3. Bb5+ {(00:33)} Nd7 {(00:00)} 4. O-O {(00:45)}
a6 {(00:00)} 5. Bd3 {(00:19)} Ngf6 {(00:00)} 6. Re1 {
(07:32)} b5 {(00:09)} 7. Bf1 {(00:36)} Bb7 {(00:52]
} 8. d3 {(00:03)} g6 {(02:31)} 9. a4 {(00:03)} Bg7 {
(00:10)} 10. c3 {(04:20)} O-O {(00:20)} 11. Nbd2 {(
00:51)} e5 {(03:34)} 12. h3 {(20:16)} Qc7 {(02:59)} 13.
axb5 {(13:17)} axb5 {(00:09)} 14. Rxa8 {(00:21)} Rxa8 {
(00:06)} 15. d4 {(00:54)} Qb6 {(07:36)} 16. dxe5 {(
05:56)} dxe5 {(02:08)} 17. b3 {(04:10)} Nh5 {(05:08)} 18.
Qc2 {(02:13)} Bc6 {(03:45)} 19. Nh2 {(06:50)} Ra1 {
(04:01)} 20. Rd1 {(04:36)} Ndf6 {(03:19)} 21. c4 {(
02:44)} b4 {(01:05)} 22. Ng4 {(03:56)} Nxg4 {(02:29)} 23.
hxg4 {(00:02)} Nf4 {(01:08)} 24. Nf3 {(01:28)} Ne6 {
(01:23)} 25. Bd3 {(00:58)} Qd8 {(03:59)} 26. Qe2 {(
06:56)} Qa8 {(08:26)} 27. Re1 {(01:50)} h6 {(05:06)} 28.
Bc2 {(03:14)} Qc8 {(06:12)} 29. Be3 {(04:57)} Ra2 {
(03:16)} 30. Qd1 {(00:02)} Kh7 {(02:42)} 31. Bc1 {(
01:04)} Ra1 {(01:47)} 32. Qe2 {(00:40)} Qd7 {(01:22)} 33.
Rd1 {(01:28)} Qb7 {(02:26)} 34. Re1 {(00:35)} Qa8 {
(02:25)} 35. Bb2 {(01:19)} Nf4 {(05:45)} 36. Qd2 {(
00:25)} Rxe1+ {(00:31)} 37. Qxe1 {(00:05)} Qc8 {(00:47)}
38. Nh2 {(02:06)} Qd7 {(01:22)} 39. Qe3 {(00:04)} Ne6 {
(00:11)} 40. f3 {(00:00)} Bf6 {(00:00)} 41. Qd3 {(
03:39)} Nd4 {(03:50)} 42. Nf1 {(02:46)} Bg5 {(01:16)} 43.
Kf2 {(01:39)} Qd8 {(02:30)} 44. Bd1 {(00:47)} Qa8 {
(01:15)} 45. Qb1 {(00:17)} Kg7 {(00:06)} 46. Bc1 {(
03:48)} Qd8 {(04:39)} 47. Bxg5 {(02:59)} Qxg5 {(00:32)}
48. Qb2 {(00:05)} Qh4+ {(01:24)} 49. Kg1 {(00:29)} h5 {
(00:56)} 50. gxh5 {(00:54)} Qxh5 {(00:41)} 51. Qd2 {
(00:02)} Qh4 {(01:26)} 52. Ne3 {(02:43)} Qf4 {(01:
36)} 53. Nf1 {(02:59)} Bd7 {(05:41)} 54. Kf2 {(01:00)}
Qh4+ {(01:14)} 55. Kg1 {(00:10)} Be6 {(01:35)} 56. Ne3 {
(01:18)} f5 {(03:05)} 57. exf5 {(01:42)} gxf5 {(00:
19)} 58. Nf1 {(01:59)} Bf7 {(06:42)} 59. g3 {(01:43)} Qd8
{(05:12)} 60. Kf2 {(01:01)} f4 {(01:06)} 61. Qe1 {(
01:30)} Qe7 {(02:39)} 62. Qe4 {(01:33)} Bg6 {(00:44)} 63.
Qd5 {(00:06)} Nf5 {(00:59)} 64. Be2 {(04:14)} Nd4 {
(00:05)} 65. Bd1 {(00:14)} Bd3 {(00:06)} 66. gxf4 {
(01:01)} exf4 {(00:43)} 67. Qh5 {(00:08)} Bf5 {(01:
03)} 68. Qh2 {(00:22)} Qe5 {(00:22)} 69. Qh4 {(00:53)} Qd6
{(02:53)} 70. Nh2 {(01:36)} Bg6 {(04:00)} 71. Ng4 {
(00:40)} Nf5 {(00:04)} 72. Qg5 {(00:02)} Qxd1 {(00:
16)} 73. Qf6+ {(01:51)} Kh7 {(00:03)} 0-1

[Event "42nd Olympiad Baku 2016 Open"]
[Site "Baku"]
[Date "2016.09.06"]
[Round "5.2"]
[White "Ding, Liren"]
[Black "Ponomariov, Ruslan"]
[Result "1/2-1/2"]
[ECO "D37"]
[WhiteElo "2753"]
[BlackElo "2709"]
[Annotator ""]
[PlyCount "113"]
[EventDate "2016.??.??"]
[EventType "team-tourn"]
[EventCountry "AZE"]
[SourceTitle "playchess.com"]
[Source "ChessBase"]
[WhiteTeam "China"]
[BlackTeam "Ukraine"]
[WhiteTeamCountry "CHN"]
[BlackTeamCountry "UKR"]
[TimeControl "40/5400+30:1800+30"]

1. d4 {(00:00)} Nf6 {(00:00)} 2. c4 {(00:00)} e6 {(
00:00)} 3. Nf3 {(00:00)} d5 {(00:00)} 4. Nc3 {(00:00)}
Nbd7 {(00:15)} 5. Bg5 {(02:17)} h6 {(00:17)} 6. Bh4 {
(00:05)} Be7 {(00:08)} 7. Qc2 {(00:04)} c5 {(18:41]
} 8. cxd5 {(01:05)} Nxd5 {(00:08)} 9. Bxe7 {(00:10)} Qxe7
{(00:45)} 10. Nxd5 {(00:18)} exd5 {(00:06)} 11. dxc5 {
(01:15)} Nxc5 {(02:26)} 12. e3 {(00:36)} O-O {(02:
17)} 13. Be2 {(00:03)} Bg4 {(02:40)} 14. O-O {(02:34)}
Rac8 {(00:35)} 15. Rfd1 {(20:44)} Rfd8 {(03:15)} 16. Rac1
{(05:25)} Ne4 {(04:36)} 17. Qd3 {(00:24)} Rc5 {(07:
28)} 18. Rxc5 {(06:42)} Qxc5 {(01:01)} 19. Nd4 {(00:17)}
Bxe2 {(08:16)} 20. Nxe2 {(00:07)} Qa5 {(04:36)} 21. f3 {
(12:06)} Nf6 {(07:18)} 22. Qb3 {(00:41)} Re8 {(05:
52)} 23. Kf2 {(02:08)} Re6 {(04:39)} 24. Rc1 {(10:54)} g6
{(06:57)} 25. a3 {(10:57)} Kg7 {(02:37)} 26. Qc3 {(
00:53)} Qxc3 {(01:25)} 27. Rxc3 {(00:08)} Rb6 {(00:18)}
28. b3 {(00:27)} Ng8 {(05:37)} 29. Nd4 {(14:50)} Ne7 {
(00:25)} 30. b4 {(01:13)} Nc6 {(01:39)} 31. Nb3 {(
00:10)} a5 {(01:16)} 32. bxa5 {(00:29)} Rb5 {(00:08)} 33.
a4 {(01:31)} Rb4 {(00:04)} 34. a6 {(00:52)} bxa6 {(
00:17)} 35. Rxc6 {(00:03)} Rxb3 {(00:05)} 36. Rxa6 {(00:
04)} Rb2+ {(00:21)} 37. Kg3 {(00:21)} Re2 {(00:56)} 38. a5
{(02:53)} Rxe3 {(01:06)} 39. Rd6 {(00:04)} Rd3 {(
02:23)} 40. a6 {(00:00)} Rd2 {(00:00)} 41. f4 {(13:26)} d4
{(05:43)} 42. Kf3 {(00:10)} d3 {(00:15)} 43. Ke3 {(
02:47)} Rxg2 {(00:53)} 44. h4 {(00:24)} g5 {(09:33)} 45.
hxg5 {(08:24)} hxg5 {(00:46)} 46. fxg5 {(00:03)} Rxg5 {
(00:32)} 47. Kxd3 {(01:07)} Ra5 {(01:30)} 48. Kc4 {
(01:04)} f5 {(00:35)} 49. Kb4 {(06:38)} Ra1 {(00:
33)} 50. Kb5 {(00:58)} f4 {(00:11)} 51. Rd4 {(00:08)} f3 {
(00:15)} 52. Rf4 {(01:13)} Rb1+ {(00:40)} 53. Ka5 {
(00:17)} Ra1+ {(00:07)} 54. Kb6 {(00:05)} Rb1+ {(
00:04)} 55. Kc7 {(00:12)} Rc1+ {(00:12)} 56. Kb7 {(00:14)}
Rb1+ {(00:08)} 57. Kc6 {(01:41)} 1/2-1/2

[Event "42nd Olympiad Baku 2016 Open"]
[Site "Baku"]
[Date "2016.09.06"]
[Round "5.13"]
[White "Djukic, Nikola"]
[Black "Saric, Ivan"]
[Result "1/2-1/2"]
[ECO "B92"]
[WhiteElo "2534"]
[BlackElo "2668"]
[Annotator ""]
[PlyCount "140"]
[EventDate "2016.??.??"]
[EventType "team-tourn"]
[EventCountry "AZE"]
[SourceTitle "playchess.com"]
[Source "ChessBase"]
[WhiteTeam "Montenegro"]
[BlackTeam "Croatia"]
[WhiteTeamCountry "MNE"]
[BlackTeamCountry "CRO"]
[TimeControl "40/5400+30:1800+30"]

1. e4 {(00:00)} c5 {(00:00)} 2. Nf3 {(00:00)} d6 {(
00:00)} 3. d4 {(00:00)} cxd4 {(00:00)} 4. Nxd4 {(00:00)}
Nf6 {(00:00)} 5. Nc3 {(00:00)} a6 {(00:00)} 6. Be2 {
(00:06)} e5 {(00:12)} 7. Nb3 {(00:07)} Be7 {(00:05]
} 8. O-O {(00:32)} O-O {(00:05)} 9. Re1 {(09:40)} Be6 {
(02:34)} 10. Bf3 {(00:23)} b5 {(04:59)} 11. a4 {(
01:00)} b4 {(00:14)} 12. Nd5 {(00:31)} Bxd5 {(00:34)} 13.
exd5 {(00:06)} a5 {(03:19)} 14. Be3 {(20:29)} Nbd7 {
(02:24)} 15. Be2 {(10:23)} Nb6 {(01:54)} 16. Bxb6 {
(01:48)} Qxb6 {(00:03)} 17. Bb5 {(00:15)} Bd8 {(07:
06)} 18. Bc6 {(04:34)} Rb8 {(01:10)} 19. Nd2 {(06:59)} Qa7
{(02:05)} 20. Nc4 {(00:52)} Bb6 {(00:09)} 21. Nxb6 {
(00:21)} Qxb6 {(01:00)} 22. Qe2 {(05:54)} Kh8 {(05:
27)} 23. Rad1 {(04:56)} Ng8 {(02:38)} 24. Qe3 {(04:20)}
Qc7 {(08:45)} 25. f4 {(08:50)} f6 {(09:40)} 26. fxe5 {
(01:55)} fxe5 {(00:04)} 27. Rf1 {(02:44)} Ne7 {(00:
50)} 28. Qe4 {(00:21)} g6 {(04:37)} 29. g4 {(03:36)} Kg7 {
(01:51)} 30. Rxf8 {(04:23)} Rxf8 {(00:04)} 31. Rf1 {
(00:07)} Qb6+ {(03:44)} 32. Kg2 {(00:07)} Rxf1 {(
00:23)} 33. Kxf1 {(00:05)} g5 {(01:06)} 34. Bb5 {(03:11)}
Qd4 {(15:45)} 35. Bd3 {(00:25)} Qxe4 {(00:11)} 36. Bxe4 {
(00:05)} Ng8 {(00:19)} 37. Ke2 {(07:43)} Nf6 {(00:
06)} 38. Kf3 {(00:38)} h5 {(10:08)} 39. gxh5 {(00:33)} Kh6
{(00:32)} 40. Bg6 {(00:00)} Nxd5 {(00:00)} 41. Ke4 {
(02:04)} Nf6+ {(05:33)} 42. Kf5 {(00:10)} Nxh5 {(
00:15)} 43. Bf7 {(03:38)} Nf4 {(00:42)} 44. c3 {(02:50)}
bxc3 {(00:57)} 45. bxc3 {(00:09)} Ne2 {(01:12)} 46. c4 {
(00:46)} Nc3 {(00:02)} 47. c5 {(00:16)} dxc5 {(00:
05)} 48. Kxe5 {(00:05)} Nxa4 {(07:03)} 49. Kd5 {(00:12)}
Kg7 {(08:45)} 50. Be8 {(00:28)} Nb6+ {(00:18)} 51. Kxc5 {
(00:16)} a4 {(00:26)} 52. Kb4 {(01:22)} Kf6 {(00:
03)} 53. Bh5 {(05:00)} Kf5 {(04:41)} 54. Bf7 {(00:58)} Kf6
{(09:02)} 55. Bg8 {(00:26)} Ke5 {(03:46)} 56. Kb5 {
(00:21)} Nd7 {(00:06)} 57. Kxa4 {(00:07)} Nf6 {(00:
02)} 58. Bc4 {(02:54)} Ng4 {(00:03)} 59. h3 {(00:13)} Nf2
{(00:08)} 60. Bf1 {(00:09)} Kf4 {(00:11)} 61. Kb4 {
(00:07)} Kg3 {(00:03)} 62. Kc3 {(00:53)} Nxh3 {(00:
07)} 63. Kd2 {(01:41)} Ng1 {(03:56)} 64. Ba6 {(00:13)} Kf2
{(00:20)} 65. Bc8 {(00:06)} Ne2 {(01:49)} 66. Bg4 {
(00:23)} Nd4 {(00:12)} 67. Bc8 {(00:06)} Kf3 {(00:
13)} 68. Ke1 {(00:05)} Kf4 {(00:06)} 69. Kf2 {(00:05)} Nf5
{(00:41)} 70. Bxf5 {(00:07)} Kxf5 1/2-1/2

[Event "42nd Olympiad Baku 2016 Open"]
[Site "Baku"]
[Date "2016.09.06"]
[Round "5.37"]
[White "Dominguez Perez, Leinier"]
[Black "Bareev, Evgeny"]
[Result "1-0"]
[ECO "C11"]
[WhiteElo "2720"]
[BlackElo "2675"]
[Annotator ""]
[PlyCount "115"]
[EventDate "2016.??.??"]
[EventType "team-tourn"]
[EventCountry "AZE"]
[SourceTitle "playchess.com"]
[Source "ChessBase"]
[WhiteTeam "Cuba"]
[BlackTeam "Canada"]
[WhiteTeamCountry "CUB"]
[BlackTeamCountry "CAN"]
[TimeControl "40/5400+30:1800+30"]

1. e4 {(00:00)} e6 {(00:02)} 2. d4 {(00:00)} d5 {(
00:05)} 3. Nc3 {(00:02)} Nf6 {(00:30)} 4. e5 {(00:19)}
Nfd7 {(00:04)} 5. f4 {(00:19)} c5 {(00:04)} 6. Nf3 {
(00:07)} Nc6 {(00:04)} 7. Be3 {(00:07)} Be7 {(00:
06)} 8. Qd2 {(01:41)} O-O {(00:18)} 9. Be2 {(05:14)} b6 {
(00:48)} 10. Nd1 {(00:07)} cxd4 {(05:57)} 11. Nxd4 {
(00:07)} Nxd4 {(00:03)} 12. Bxd4 {(00:08)} Nc5 {(
00:06)} 13. Nf2 {(14:56)} a5 {(02:05)} 14. O-O-O {(02:10)}
Ba6 {(05:11)} 15. Bg4 {(01:23)} Rc8 {(10:36)} 16. Kb1 {
(01:09)} Rc6 {(04:36)} 17. Rhe1 {(19:08)} Qd7 {(09:
45)} 18. Qe3 {(12:39)} Qc7 {(22:19)} 19. Qh3 {(16:01)} Bc8
{(05:47)} 20. Be2 {(00:26)} Ba6 {(00:22)} 21. Bg4 {
(03:50)} Bc8 {(00:09)} 22. Be2 {(00:21)} Ba6 {(00:
05)} 23. Bxa6 {(05:06)} Nxa6 {(00:04)} 24. Ng4 {(00:33)}
Rc8 {(09:47)} 25. c3 {(01:17)} Nc5 {(02:14)} 26. f5 {
(02:48)} exf5 {(03:53)} 27. Ne3 {(00:01)} Rd8 {(00:
41)} 28. Nxf5 {(02:02)} Bf8 {(01:16)} 29. Qf3 {(03:10)}
Ne6 {(03:52)} 30. Bf2 {(00:13)} Ng5 {(00:55)} 31. Qd3 {
(01:25)} Rd7 {(02:49)} 32. h4 {(03:01)} Ne6 {(00:
10)} 33. Qf3 {(00:03)} Rc4 {(02:17)} 34. g3 {(01:59)} Re4
{(01:11)} 35. Rxd5 {(03:22)} Rxe1+ {(08:15)} 36. Bxe1 {
(00:01)} g6 {(00:16)} 37. Ne3 {(01:37)} Bg7 {(00:
40)} 38. Rxd7 {(01:32)} Qxd7 {(00:02)} 39. Qd5 {(00:32)}
Nc5 {(01:07)} 40. c4 {(00:00)} Qxd5 {(00:00)} 41. Nxd5 {
(02:01)} Bxe5 {(04:02)} 42. Nxb6 {(10:01)} Nd3 {(
02:06)} 43. Nd7 {(01:37)} Bc7 {(01:36)} 44. Nf6+ {(01:18)}
Kf8 {(01:05)} 45. Nd5 {(03:06)} Nxe1 {(06:28)} 46. Nxc7 {
(00:03)} Ke7 {(00:07)} 47. Kc1 {(05:06)} Nd3+ {(06:
41)} 48. Kc2 {(00:04)} Nf2 {(00:49)} 49. Nd5+ {(01:23)}
Ke6 {(03:00)} 50. Nc3 {(02:14)} Ke5 {(01:03)} 51. c5 {
(04:59)} f5 {(01:54)} 52. a3 {(00:53)} a4 {(02:50)}
53. b4 {(01:21)} axb3+ {(02:07)} 54. Kxb3 {(00:01)} Ke6 {
(00:58)} 55. Kc4 {(00:18)} h6 {(00:36)} 56. Kb5 {(
00:47)} g5 {(00:20)} 57. hxg5 {(00:48)} hxg5 {(00:00)} 58.
c6 {(00:10] Kd5} 1-0

[Event "42nd Olympiad Baku 2016 Open"]
[Site "Baku"]
[Date "2016.09.06"]
[Round "5.6"]
[White "Murtaza Ali"]
[Black "Barros Rivadeneira, Cristhian"]
[Result "1/2-1/2"]
[ECO "B90"]
[WhiteElo "2111"]
[BlackElo "2351"]
[Annotator ""]
[PlyCount "89"]
[EventDate "2016.??.??"]
[EventType "team-tourn"]
[EventCountry "AZE"]
[SourceTitle "playchess.com"]
[Source "ChessBase"]
[WhiteTeam "Pakistan"]
[BlackTeam "Ecuador"]
[WhiteTeamCountry "PAK"]
[BlackTeamCountry "ECU"]
[TimeControl "40/5400+30:1800+30"]

1. e4 {(00:00)} c5 {(00:00)} 2. Nf3 {(00:00)} d6 {(
00:12)} 3. d4 {(00:08)} cxd4 {(00:26)} 4. Nxd4 {(00:11)}
Nf6 {(00:17)} 5. Nc3 {(00:09)} a6 {(00:25)} 6. Rg1 {
(00:52)} e5 {(20:01)} 7. Nb3 {(00:17)} Be6 {(00:12]
} 8. g4 {(01:37)} d5 {(08:27)} 9. exd5 {(00:20)} Nxd5 {
(00:09)} 10. Nxd5 {(00:19)} Qxd5 {(19:27)} 11. Qxd5 {
(00:15)} Bxd5 {(00:02)} 12. Be3 {(00:16)} Nc6 {(21:
29)} 13. O-O-O {(00:56)} O-O-O {(07:24)} 14. Bb6 {(01:07)}
Rd7 {(00:02)} 15. g5 {(02:03)} Be7 {(03:58)} 16. Nc5 {
(05:30)} Bxc5 {(01:56)} 17. Bxc5 {(00:05)} Kc7 {(
00:50)} 18. h4 {(07:30)} Rhd8 {(02:25)} 19. Re1 {(05:52)}
Bf3 {(02:41)} 20. Bd3 {(16:27)} b6 {(02:22)} 21. Ba3 {
(11:23)} Rd4 {(04:26)} 22. Re3 {(02:44)} e4 {(00:
46)} 23. Be2 {(00:39)} Ne5 {(00:18)} 24. b3 {(02:16)} Bxe2
{(01:04)} 25. Rxe2 {(00:19)} Nf3 {(00:37)} 26. Rg4 {
(00:55)} e3 {(00:29)} 27. Rxd4 {(01:22)} Rxd4 {(00:
01)} 28. Rxe3 {(00:27)} Rf4 {(02:13)} 29. Bb2 {(01:23)} g6
{(00:20)} 30. Bf6 {(00:28)} Kc6 {(01:19)} 31. Re7 {
(00:26)} Nxh4 {(00:28)} 32. Rxf7 {(00:22)} Rxf2 {(
00:12)} 33. Rxh7 {(01:17)} Nf5 {(00:12)} 34. Kb1 {(03:03)}
Rg2 {(00:55)} 35. Rh8 {(00:34)} Ne3 {(00:40)} 36. Rg8 {
(02:14)} Kd5 {(00:42)} 37. Rxg6 {(02:00)} Nxc2 {(
00:11)} 38. Be7 {(00:18)} b5 {(00:51)} 39. Rxa6 {(00:52)}
b4 {(00:21)} 40. g6 {(00:00)} Ke4 {(00:00)} 41. Kc1 {
(03:23)} Kd3 {(09:20)} 42. Rd6+ {(01:00)} Nd4 {(00:
26)} 43. Bh4 {(13:36)} Rg1+ {(01:21)} 44. Kb2 {(00:02)}
Rg2+ {(00:07)} 45. Kc1 {(00:59)} 1/2-1/2

[Event "42nd Olympiad Baku 2016 Open"]
[Site "Baku"]
[Date "2016.09.06"]
[Round "5.35"]
[White "Dragnev, Valentin"]
[Black "Lau, Lut Yin Luke"]
[Result "1-0"]
[ECO "C47"]
[WhiteElo "2430"]
[BlackElo "1994"]
[Annotator ""]
[PlyCount "103"]
[EventDate "2016.??.??"]
[EventType "team-tourn"]
[EventCountry "AZE"]
[SourceTitle "playchess.com"]
[Source "ChessBase"]
[WhiteTeam "Austria"]
[BlackTeam "Hong Kong"]
[WhiteTeamCountry "AUT"]
[BlackTeamCountry "HKG"]
[TimeControl "40/5400+30:1800+30"]

1. e4 {(00:00)} e5 {(00:00)} 2. Nf3 {(00:00)} Nf6 {
(00:00)} 3. Nc3 {(00:00)} Nc6 {(00:03)} 4. d4 {(00:
00)} exd4 {(00:12)} 5. Nxd4 {(00:00)} Bb4 {(00:11)} 6.
Nxc6 {(00:00)} bxc6 {(00:07)} 7. Bd3 {(00:00)} d5 {
(00:12)} 8. exd5 {(00:02)} cxd5 {(00:05)} 9. O-O {(
00:06)} O-O {(00:12)} 10. h3 {(01:03)} h6 {(03:57)} 11.
Qf3 {(02:10)} c6 {(01:45)} 12. Bf4 {(00:16)} Bd6 {(
03:21)} 13. Rfe1 {(03:18)} Be6 {(07:52)} 14. Ne2 {(02:46)}
Re8 {(07:40)} 15. Nd4 {(08:34)} Bxf4 {(11:47)} 16. Qxf4 {
(04:35)} Qd7 {(03:27)} 17. Rad1 {(01:53)} Reb8 {(
10:08)} 18. Bf5 {(02:19)} Re8 {(19:55)} 19. Nxe6 {(05:48)}
fxe6 {(00:05)} 20. Bg6 {(00:08)} Re7 {(00:33)} 21. Re3 {
(00:30)} Rf8 {(05:27)} 22. Rde1 {(08:47)} Ne8 {(03:
26)} 23. Bh7+ {(01:14)} Kxh7 {(00:22)} 24. Qxf8 {(00:04)}
Nd6 {(01:37)} 25. Qf4 {(00:51)} Kg8 {(10:36)} 26. Qg4 {
(02:36)} Ne4 {(02:59)} 27. Qe2 {(01:12)} Kf7 {(01:
20)} 28. Qh5+ {(01:53)} Kg8 {(01:57)} 29. Qg6 {(00:19)}
Qd6 {(01:39)} 30. f3 {(02:09)} Nf6 {(00:13)} 31. Qd3 {
(02:07)} Kf7 {(02:30)} 32. Qd4 {(00:37)} c5 {(01:
20)} 33. Qe5 {(00:21)} Qxe5 {(00:46)} 34. Rxe5 {(00:06)}
Nd7 {(00:44)} 35. R5e3 {(00:15)} Nb6 {(00:30)} 36. Rb3 {
(01:28)} Kf6 {(00:28)} 37. Kf2 {(00:24)} Rc7 {(00:
32)} 38. Ra1 {(00:31)} Nc4 {(00:30)} 39. a4 {(00:26)} d4 {
(00:29)} 40. a5 {(00:00)} Nd6 {(00:00)} 41. Rb8 {(
01:30)} e5 {(05:50)} 42. a6 {(00:53)} Ke6 {(03:13)} 43.
Ra3 {(08:31)} c4 {(06:47)} 44. Ra4 {(02:46)} Kd5 {(
04:42)} 45. Ke2 {(01:57)} Rc6 {(02:54)} 46. Ra5+ {(01:02)}
Ke6 {(00:21)} 47. Rb7 {(00:49)} Nc8 {(05:38)} 48. Rxg7 {
(00:18)} Kf5 {(00:47)} 49. Rf7+ {(00:30)} Ke6 {(02:
46)} 50. Rh7 {(00:46)} Kf5 {(00:15)} 51. Rh8 {(00:32)} Ne7
{(02:28)} 52. g4+ {(01:13)} 1-0

[Event "42nd Olympiad Baku 2016 Open"]
[Site "Baku"]
[Date "2016.09.06"]
[Round "5.15"]
[White "Draskovic, Luka"]
[Black "Stevic, Hrvoje"]
[Result "1/2-1/2"]
[ECO "A21"]
[WhiteElo "2448"]
[BlackElo "2608"]
[Annotator ""]
[PlyCount "60"]
[EventDate "2016.??.??"]
[EventType "team-tourn"]
[EventCountry "AZE"]
[SourceTitle "playchess.com"]
[Source "ChessBase"]
[WhiteTeam "Montenegro"]
[BlackTeam "Croatia"]
[WhiteTeamCountry "MNE"]
[BlackTeamCountry "CRO"]
[TimeControl "40/5400+30:1800+30"]

1. c4 {(00:00)} e5 {(00:00)} 2. Nc3 {(00:08)} Bb4 {
(00:07)} 3. Nd5 {(01:52)} Bc5 {(00:38)} 4. Nf3 {(
01:28)} c6 {(00:12)} 5. Nc3 {(00:03)} d6 {(00:07)} 6. e3 {
(00:34)} Bb4 {(00:16)} 7. d4 {(05:20)} Bxc3+ {(07:
49)} 8. bxc3 {(00:07)} Qa5 {(02:18)} 9. Qb3 {(06:52)} Nd7
{(04:07)} 10. c5 {(13:22)} e4 {(03:37)} 11. Nd2 {(
13:52)} d5 {(00:28)} 12. c4 {(01:12)} Ne7 {(01:52)} 13.
cxd5 {(03:02)} cxd5 {(00:05)} 14. Ba3 {(01:18)} Nc6 {
(09:59)} 15. Be2 {(06:26)} O-O {(05:26)} 16. Rd1 {(
03:21)} Nf6 {(06:10)} 17. O-O {(00:21)} Rb8 {(05:27)} 18.
Nb1 {(01:35)} Be6 {(14:59)} 19. h3 {(07:35)} b5 {(
04:06)} 20. cxb6 {(03:34)} Rxb6 {(00:04)} 21. Qc3 {(02:49]
} Nb4 {(00:06)} 22. Rc1 {(03:23)} Rfb8 {(01:01)} 23. Qd2 {
(14:18)} Qa4 {(03:52)} 24. Bxb4 {(05:14)} Rxb4 {(
10:14)} 25. Nc3 {(00:13)} Qa5 {(08:13)} 26. Rb1 {(00:44)}
Rxb1 {(00:44)} 27. Rxb1 {(00:33)} Rxb1+ {(00:03)} 28. Nxb1
{(00:04)} Qxd2 {(00:45)} 29. Nxd2 {(00:05)} Kf8 {(
00:05)} 30. Nb3 {(01:20)} Ke7 {(00:18)} 1/2-1/2

[Event "42nd Olympiad Baku 2016 Open"]
[Site "Baku"]
[Date "2016.09.06"]
[Round "5.34"]
[White "Duda, Jan-Krzysztof"]
[Black "Iordachescu, Viorel"]
[Result "1-0"]
[ECO "C65"]
[WhiteElo "2675"]
[BlackElo "2584"]
[Annotator ""]
[PlyCount "80"]
[EventDate "2016.??.??"]
[EventType "team-tourn"]
[EventCountry "AZE"]
[SourceTitle "playchess.com"]
[Source "ChessBase"]
[WhiteTeam "Poland"]
[BlackTeam "Moldova"]
[WhiteTeamCountry "POL"]
[BlackTeamCountry "MDA"]
[TimeControl "40/5400+30:1800+30"]

1. e4 {(00:00)} e5 {(00:01)} 2. Nf3 {(00:00)} Nc6 {
(00:07)} 3. Bb5 {(00:00)} Nf6 {(00:08)} 4. d3 {(00:
39)} d6 {(01:43)} 5. O-O {(03:05)} Bd7 {(02:11)} 6. c4 {
(02:10)} g6 {(03:57)} 7. Nc3 {(01:03)} Bg7 {(00:18]
} 8. h3 {(00:48)} O-O {(00:28)} 9. Be3 {(00:41)} a6 {
(06:09)} 10. Ba4 {(00:26)} Nb8 {(01:15)} 11. c5 {(
07:12)} Bxa4 {(05:14)} 12. Qxa4 {(00:25)} Nc6 {(03:14)}
13. Rfd1 {(05:36)} dxc5 {(06:17)} 14. Bxc5 {(00:13)} Re8 {
(00:05)} 15. Rac1 {(04:32)} Nd7 {(07:37)} 16. Nd5 {
(06:13)} Nxc5 {(10:25)} 17. Rxc5 {(00:25)} Re6 {(
00:22)} 18. b4 {(10:55)} Bf8 {(02:40)} 19. Rc2 {(05:51)}
Rd6 {(08:14)} 20. Qb3 {(02:27)} Rd7 {(04:11)} 21. a4 {
(07:43)} Bg7 {(02:08)} 22. Rdc1 {(07:10)} Bh6 {(02:
11)} 23. Rxc6 {(03:10)} bxc6 {(00:10)} 24. Rxc6 {(00:05)}
Bg7 {(00:18)} 25. Qc4 {(00:06)} h6 {(05:33)} 26. a5 {
(03:27)} Kh7 {(03:58)} 27. Rxa6 {(02:46)} Rxa6 {(
04:50)} 28. Qxa6 {(00:26)} f5 {(00:53)} 29. Qc6 {(07:08)}
fxe4 {(01:51)} 30. dxe4 {(00:17)} Rd6 {(00:22)} 31. Qb7 {
(03:25)} c6 {(04:06)} 32. a6 {(00:07)} Qd7 {(03:27]
} 33. Ne7 {(00:15)} Qd8 {(08:41)} 34. a7 {(08:35)} Rd1+ {
(00:26)} 35. Kh2 {(00:04)} Ra1 {(00:22)} 36. h4 {(
03:32)} Qf8 {(01:23)} 37. h5 {(00:11)} gxh5 {(01:39)} 38.
Nf5 {(00:24)} h4 {(00:30)} 39. Nxe5 {(00:56)} Qf6 {
(01:05)} 40. Nxc6 {(00:00)} Qg5 1-0